 Dungeon Crawl Stone Soup version 0.22-a0-482-g76e0a5f (webtiles) character file.

5987 tilp the Spear-Bearer (level 10, -2/71 HPs)
             Began as a Merfolk Ice Elementalist on June 17, 2018.
             Was a Believer of Makhleb.
             Slain by a death yak (22 damage)
             ... on level 9 of the Dungeon.
             The game lasted 00:32:34 (10637 turns).

tilp the Spear-Bearer (Merfolk Ice Elementalist)   Turns: 10637, Time: 00:32:35

Health: -2/71      AC: 17    Str: 10    XL:     10   Next: 85%
Magic:  13/16      EV: 16    Int: 15    God:    Makhleb [**....]
Gold:   0          SH:  4    Dex: 15    Spells: 11/17 levels left

rFire    . . .     SeeInvis .   i - +11 trident "Lasaupox" {flame, +Blink rN++ Str-4 Int-2}
rCold    . . .     Gourm    .   (no shield)
rNeg     + + .     Faith    .   a - +0 robe
rPois    .         Spirit   .   j - +2 helmet
rElec    .         Reflect  +   v - +2 cloak
rCorr    .         Harm     .   (no gloves)
MR       +....                  E - +2 pair of boots {Stlth+}
Stlth    +++.......             y - +4 amulet of reflection
HPRegen  0.21/turn              C - +5 ring of strength
MPRegen  0.15/turn              D - ring of protection from magic

@: icy armour
A: change form in water, swift swim, stealthy swim
a: Minor Destruction, Renounce Religion, Evoke Blink


You were on level 9 of the Dungeon.
You worshipped Makhleb.
Makhleb was pleased with you.
You were very hungry.

You visited 2 branches of the dungeon, and saw 11 of its levels.

You collected 417 gold pieces.
You spent 417 gold pieces at shops.

Inventory:

Hand Weapons
 b - a +1 hunting sling
 i - the +11 trident "Lasaupox" (weapon) {flame, +Blink rN++ Str-4 Int-2}
   (You found it on level 5 of the Dungeon)

   It has been specially enchanted to burn those struck by it, causing extra
   injury to most foes and up to half again as much damage against particularly
   susceptible opponents.
   It affects your strength (-4).
   It affects your intelligence (-2).
   It greatly protects you from negative energy.
   It lets you blink.
Missiles
 o - 77 sling bullets
 r - 6 javelins (quivered)
 A - 12 tomahawks
Armour
 a - a +0 robe (worn)
 j - a +2 helmet (worn)
 v - a +2 cloak (worn)
 E - a +2 pair of boots of stealth (worn)
Jewellery
 y - a +4 amulet of reflection (around neck)
 z - an uncursed ring of poison resistance {unknown}
 C - a +5 ring of strength (left hand)
 D - a ring of protection from magic (right hand)
 H - an uncursed ring of magical power {unknown}
Wands
 t - a wand of paralysis (5)
Scrolls
 d - a scroll of amnesia
 e - a scroll of fear {unknown}
 g - 2 scrolls of teleportation
 k - 2 scrolls of immolation
 n - 8 scrolls of remove curse
 q - 3 scrolls of magic mapping
 w - a scroll of enchant weapon
 x - a scroll of blinking
Potions
 f - 2 potions of might
 h - 2 potions of ambrosia
 l - 4 potions of curing
 p - a potion of heal wounds
 s - 2 potions of brilliance
 u - a potion of haste
 B - a potion of mutation
 F - a potion of lignification {unknown}
 G - a potion of resistance
Comestibles
 c - 21 rations


   Skills:
 + Level 4.1 Fighting
 - Level 14.0 Polearms
 + Level 6.1 Dodging
 - Level 2.1 Stealth
 - Level 4.0 Spellcasting
 - Level 2.0 Conjurations
 - Level 4.0 Charms
 + Level 7.0 Ice Magic
 - Level 5.2 Invocations
 + Level 4.1 Evocations


You had 11 spell levels left.
You knew the following spells:

 Your Spells              Type           Power        Failure   Level  Hunger
a - Freeze                Ice            ###.         1%          1    None
b - Throw Frost           Conj/Ice       ###...       4%          2    ##.....
c - Ozocubu's Armour      Chrm/Ice       ###.....     5%          3    ###....

Your spell library contained the following spells:

 Spells                   Type           Power        Failure   Level  Hunger
 Animate Dead             Necr           N/A          87%         4    ####...
 Pain                     Necr           #...         19%         1    None
 Animate Skeleton         Necr           N/A          19%         1    None
 Vampiric Draining        Necr           #.........   47%         3    ###....
 Summon Ice Beast         Ice/Summ       ##......     38%         4    ####...
 Regeneration             Chrm/Necr      #.........   24%         3    ###....
 Throw Icicle             Conj/Ice       ###.....     28%         4    ####...


Dungeon Overview and Level Annotations

Branches:
Dungeon (10/15)            Temple (1/1) D:7             Orc (0/2) D:9
   Lair: D:8-11

Altars:
Ashenzari
Cheibriados
Dithmenos
Fedhas
Kikubaaqudgha
Makhleb
Nemelex Xobeh
Okawaru
Qazlal
Ru
Sif Muna
Uskayaw
Vehumet
Xom
Yredelemnul
The Shining One

Shops:
D:4 :   D:6 %   D:9 ?(*

Annotations:
D:3 Sigmund
D:5 2 runed doors
D:7 2 transporters
D:9 tilp's ghost, novice MfIE


Message History

Your icy armour cracks and falls away as you move.
A death yak comes into view.
There is a stone staircase leading up here.
Casting: Ozocubu's Armour (safe; 5% risk of failure)
Confirm with . or Enter, or press ? or * to list all spells.
A film of ice covers your body! The death yak misses you.
The death yak gores you!
You climb upwards.
Level annotation: tilp's ghost, novice MfIE
There is a stone staircase leading down here.
You hit the death yak. You burn the death yak.
The death yak is severely wounded.
Unknown command.
You hit the death yak but do no damage.
The death yak is severely wounded.
The death yak gores you!
You puncture the death yak! You burn the death yak!
The death yak is almost dead.
The death yak gores you!!
You die...

#.#
#.####.#..###.........
#.###.#
#..[..##.#......#
#..#..#
##.....##.#...#.#
##...##
#.......###..####
#..##
##.<......##8.8##.
####
#..........##'##>.
#..........#...#..
#..........#.>.#.#
##@.........#...#.#
###..Y........#####..
#....##.....#.....###
######
##....############## #
#....###...###
#⌠.⌠.#....##
##.∩.......##
#.⌠.⌠.......#
#...........#


You could see a death yak.

Vanquished Creatures
  Joseph (D:7)
  A hippogriff (D:8)
  A hornet (D:8)
  4 yaks (D:10)
  3 humans
  3 orc warriors
  An ice beast (D:9)
  A sky beast (D:6)
  3 phantoms
  5 ogres
  3 centaurs
  A big kobold (D:8)
  A gnoll sergeant (D:6)
  7 bullfrogs
  4 scorpions
  A wyvern skeleton (D:9)
  3 killer bees (D:9)
  4 wights (D:6)
  6 howler monkeys
  A crimson imp (D:6)
  A quasit (D:8)
  4 hounds
  6 jellies
  An orc priest (D:3)
  A gnoll shaman (D:5)
  A centaur skeleton (D:9)
  Ijyb (D:3)
  10 orc wizards
  7 worker ants
  2 worker ant zombies (D:7)
  19 gnolls
  2 howler monkey skeletons
  9 adders
  A shadow imp (D:6)
  An ooze (D:1)
  An adder zombie (D:5)
  2 worms
  An adder skeleton (D:4)
  6 dart slugs
  5 leopard geckos
  54 orcs
  A bat (D:3)
  9 giant cockroaches
  2 gnoll zombies (D:3)
  8 goblins
  10 hobgoblins
  4 iguanas
  5 jackals
  8 quokkas
  3 ball pythons
  7 frilled lizards
  13 kobolds
  A leopard gecko skeleton (D:4)
  3 quokka skeletons
  4 rats
267 creatures vanquished.

Vanquished Creatures (others)
  A kobold (D:9)
1 creature vanquished.

Grand Total: 268 creatures vanquished

Notes
Turn   | Place    | Note
-------+----------+-------------------------------------------
     0 | D:1      | tilp the Merfolk Ice Elementalist began the quest for the Orb.
     0 | D:1      | Reached XP level 1. HP: 13/13 MP: 3/3
   329 | D:1      | Reached XP level 2. HP: 16/19 MP: 5/5
   646 | D:1      | Reached skill level 1 in Polearms
   652 | D:1      | Reached XP level 3. HP: 13/24 MP: 2/6
   656 | D:1      | Learned a level 2 spell: Throw Frost
   660 | D:1      | Learned a level 3 spell: Ozocubu's Armour
  1316 | D:1      | Reached skill level 2 in Polearms
  1815 | D:2      | Reached XP level 4. HP: 24/30 MP: 3/7
  2020 | D:2      | Reached skill level 5 in Ice Magic
  2780 | D:3      | Reached skill level 3 in Polearms
  2885 | D:3      | Reached XP level 5. HP: 7/35 MP: 6/8
  3379 | D:3      | Found a sacrificial altar of Ru.
  3423 | D:3      | Reached skill level 4 in Polearms
  3448 | D:3      | Reached XP level 6. HP: 35/41 MP: 1/9
  3878 | D:3      | Found a basalt altar of Yredelemnul.
  4011 | D:3      | Noticed Sigmund
  4050 | D:3      | Noticed Ijyb
  4060 | D:3      | Killed Ijyb
  4442 | D:4      | Found a shimmering altar of Xom.
  4473 | D:4      | Reached skill level 5 in Polearms
  4655 | D:4      | Reached XP level 7. HP: 37/46 MP: 4/10
  4679 | D:4      | Reached skill level 6 in Polearms
  4764 | D:4      | Reached skill level 1 in Fighting
  4979 | D:4      | Found Kamma's Book Emporium.
  5121 | D:4      | Reached skill level 7 in Polearms
  5819 | D:5      | Entered Level 5 of the Dungeon
  5826 | D:5      | Reached XP level 8. HP: 57/57 MP: 6/11
  6172 | D:5      | Reached skill level 5 in Dodging
  6556 | D:5      | Found a runed door.
  6570 | D:5      | Found a runed door.
  6604 | D:5      | Got a transparent trident
  6605 | D:5      | Identified the +11 trident "Lasaupox" {flame, +Blink rN++ Str-4 Int-2} (You found it on level 5 of the Dungeon)
  6778 | D:6      | Reached skill level 8 in Polearms
  6880 | D:6      | Found Pusoxtoe's Food Shoppe.
  6925 | D:6      | Found a deep blue altar of Sif Muna.
  6942 | D:6      | Reached skill level 9 in Polearms
  7080 | D:6      | Reached skill level 10 in Polearms
  7426 | D:6      | Reached XP level 9. HP: 65/65 MP: 12/12
  7515 | D:7      | Found a staircase to the Ecumenical Temple.
  7515 | D:7      | Noticed Joseph
  7520 | D:6      | Reached skill level 11 in Polearms
  7562 | Temple   | Entered the Ecumenical Temple
  7570 | Temple   | Became a worshipper of Makhleb the Destroyer
  7591 | D:7      | Killed Joseph
  7591 | D:7      | Reached skill level 12 in Polearms
  7790 | D:7      | Found a sacrificial altar of Ru.
  7793 | D:7      | Found a shattered altar of Ashenzari.
  7796 | D:7      | Found a shadowy altar of Dithmenos.
  8105 | D:7      | Reached skill level 13 in Polearms
  8143 | D:7      | Reached skill level 1 in Charms
  8257 | D:7      | Found a transporter.
  8357 | D:7      | Found a transporter.
  8838 | D:8      | Reached skill level 14 in Polearms
  8985 | D:8      | Found an iron altar of Okawaru.
  9005 | D:8      | Reached XP level 10. HP: 71/71 MP: 10/13
  9009 | D:8      | Reached skill level 1 in Conjurations
  9051 | D:8      | Reached skill level 1 in Invocations
  9051 | D:8      | Reached skill level 1 in Evocations
  9053 | D:8      | Reached * piety under Makhleb
  9195 | D:8      | Found a burning altar of Makhleb.
  9823 | D:9      | Noticed tilp's ghost (novice MfIE)
  9861 | D:8      | Reached ** piety under Makhleb
 10041 | D:9      | Found Asentaov's Weapon Boutique.
 10104 | D:9      | Found Nieptidgha's Magic Scroll Shoppe.
 10110 | D:9      | Bought a scroll of remove curse for 42 gold pieces
 10110 | D:9      | Bought a scroll of remove curse for 42 gold pieces
 10110 | D:9      | Bought a scroll of identify for 28 gold pieces
 10110 | D:9      | Bought a scroll of teleportation for 42 gold pieces
 10110 | D:9      | Bought a scroll of identify for 28 gold pieces
 10110 | D:9      | Bought 3 scrolls of remove curse for 126 gold pieces
 10110 | D:9      | Bought a scroll of magic mapping for 49 gold pieces
 10156 | D:9      | Found a staircase to the Orcish Mines.
 10266 | D:9      | Found a hide-covered altar of Uskayaw.
 10294 | D:9      | Found Yczeomno's General Store.
 10303 | D:9      | Bought a scroll of identify for 30 gold pieces
 10405 | D:9      | Bought a scroll of identify for 30 gold pieces
 10559 | D:10     | Entered Level 10 of the Dungeon
 10589 | D:10     | Reached skill level 5 in Invocations
 10617 | D:10     | Noticed a death yak
 10617 | D:10     | Noticed a death yak
 10625 | D:10     | Noticed a death yak
 10637 | D:9      | Slain by a death yak

Vault maps used:
D:1:      nicolae_arrival_memento_mori, minmay_domino_4
D:3:      lemuel_zombie_altar_yredelemnul, nicolae_ru_awakened_eye, uniq_ijyb,
          uniq_sigmund
D:4:      serial_shops, shop, st_stairs_10, dk_xom_monty_hall
D:5:      lemuel_insect_pit, first_ration
D:6:      lemuel_crystal_altar, serial_shops, nicolae_shop_trees,
          kennysheep_flooded_box
D:7:      gammafunk_cloud_chamber, grunt_temple_overflow_diamond,
          minmay_temple_entry_glass, uniq_joseph
D:8:      basic_altar, okawaru_humans
D:9:      kennysheep_mini_moat, hiddenorc1_lemuel, serial_shops, shop_fountains,
          shop, nicolae_shop_crystal, serial_corexii_hall,
          corexii_hall_statues_deadend, corexii_hall_statues_l, grunt_pizzeria
D:10:     dpeg_lair_monsters, serial_shops, shop
Temple:   lightli_temple_of_artemis

Skill      XL: |  1  2  3  4  5  6  7  8  9 10 |
---------------+-------------------------------+-----
Ice Magic      | 4 5 6 7 |  7.0
Polearms       | 1 2 3 4 5 7 10 14 | 14.0
Fighting       | 2 4 |  4.1
Dodging        | 4 6 |  6.1
Charms         | 4 |  4.0
Conjurations   | 2 |  2.0
Invocations    | 5 |  5.2
Evocations     | 4 |  4.1
Spellcasting   | 4 |  4.0
Stealth        | |  2.1

Action                   |  1- 3 |  4- 6 |  7- 9 | 10-12 || total
-------------------------+-------+-------+-------+-------++-------
Melee: Unarmed           |    14 |       |       |       ||    14
       Spear             |    86 |   160 |    10 |       ||   256
       Trident           |       |       |   295 |   177 ||   472
Throw: Javelin           |       |       |     1 |       ||     1
 Cast: Freeze            |    27 |    64 |    38 |       ||   129
       Ozocubu's Armour  |     1 |     6 |    18 |     9 ||    34
       Throw Frost       |       |     6 |    15 |     2 ||    23
Invok: Minor Destruction |       |       |       |     1 ||     1
Evoke: Wand              |       |       |       |     2 ||     2
  Use: Potion            |       |     4 |       |       ||     4
       Scroll            |       |     5 |     9 |     7 ||    21
 Stab: Sleeping          |     3 |     8 |     6 |     2 ||    19
       Distracted        |       |       |       |     1 ||     1
       Paralysed         |       |       |       |     1 ||     1
  Eat: Chunk             |     3 |    12 |    18 |     5 ||    38
Armor: Robe              |    13 |    34 |    61 |    22 ||   130
Dodge: Dodged            |    72 |   105 |   166 |    66 ||   409
Block: Other             |       |       |    17 |    19 ||    36
       Reflection        |       |       |     1 |     3 ||     4

Table legend:
 A = Spawn XP
 B = Non-spawn XP
 C = Spawn XP percentage of total XP
 D = Spawn monster count
 E = Non-spawn monster count
 F = Spawn count percentage of total count
 G = Total turns spent on level
                    A         B        C        D         E        F      G
               +---------+---------+-------+---------+---------+-------+---------
         Total |       0 |    8553 |   0.0 |       0 |     267 |   0.0 | 10637
               +---------+---------+-------+---------+---------+-------+---------
           D:1 |       0 |      74 |   0.0 |       0 |      30 |   0.0 |  1603
           D:2 |       0 |      68 |   0.0 |       0 |      21 |   0.0 |  1123
           D:3 |       0 |     290 |   0.0 |       0 |      34 |   0.0 |  1506
           D:4 |       0 |     739 |   0.0 |       0 |      31 |   0.0 |  1587
           D:5 |       0 |     294 |   0.0 |       0 |      23 |   0.0 |   946
           D:6 |       0 |    1040 |   0.0 |       0 |      33 |   0.0 |   817
           D:7 |       0 |    1574 |   0.0 |       0 |      20 |   0.0 |  1195
           D:8 |       0 |    2038 |   0.0 |       0 |      26 |   0.0 |   891
           D:9 |       0 |    1576 |   0.0 |       0 |      44 |   0.0 |   876
          D:10 |       0 |     860 |   0.0 |       0 |       5 |   0.0 |    75
               +---------+---------+-------+---------+---------+-------+---------
